 Dungeon Crawl Stone Soup version 0.32-a0-450-g080537f31e (webtiles) character file.

Game seed: 9787590058883081747

27528 Sobieck the Marksgoblin (level 13, -2/90 HPs)
             Began as a Coglin Brigand on Feb 23, 2024.
             Was a High Priest of the Shining One.
             Shot with an arrow by a centaur warrior (19 damage)
             ... on level 13 of the Dungeon.
             The game lasted 00:21:06 (11758 turns).

Sobieck the Marksgoblin (Coglin Brigand)           Turns: 11758, Time: 00:21:06

Health: -2/90      AC:  9    Str: 12    XL:     13   Next: 33%
Magic:  15/15      EV: 21    Int: 14    God:    the Shining One [*****.]
Gold:   299        SH:  0    Dex: 20    Spells: 12/12 levels left

rFire   + . .        B - +1 hand cannon "Lojine Nant" {penet, rF+ rCorr}
rCold   . . .        j - +1 sling {Chinhae}
rNeg    + + .        b - +0 robe
rPois   .            l - +2 helmet {Int+3}
rElec   .            Y - +1 cloak
rCorr   +            G - +0 pair of gloves
SInv    .            M - +0 pair of boots
Will    .....        r - amulet of regeneration
Stlth   +            y - +4 ring of slaying
HPRegen 1.15/turn    z - +5 ring of evasion
MPRegen 0.14/turn

%: no passive effects
@: immotile, glowing, revved
A: off-hand wielding, slow wielding, warmup strikes, legs shutdown
a: Renounce Religion, Divine Shield, Cleansing Flame, Summon Divine Warrior


You were on level 13 of the Dungeon.
You worshipped the Shining One.
The Shining One was extremely pleased with you.
You visited 2 branches of the dungeon, and saw 14 of its levels.
You also visited: Bailey.

You collected 2150 gold pieces.
You spent 1851 gold pieces at shops.

Inventory:

Hand Weapons
 a - a +2 dagger {Xue}
 i - a +0 dagger of freezing {Koruri}
 j - a +1 sling (offhand) {Chinhae}
 p - the +8 trident of the Octopus King {venom, rElec rPois}
   (You found it on level 5 of the Dungeon)

   rElec:     It insulates you from electricity.
   rPois:     It protects you from poison
 q - a +1 dagger of venom {Eunwoo}
 w - a +1 dagger of venom {Hugo}
 B - the +1 hand cannon "Lojine Nant" (weapon) {penet, rF+ rCorr}
   (You acquired it on level 7 of the Dungeon)

   rF+:       It protects you from fire.
   rCorr:     It protects you from acid and corrosion.
Missiles
 k - 25 poisoned darts
 F - 9 curare-tipped darts
 Z - 6 throwing nets
Armour
 b - a +0 robe (worn)
 l - a +2 helmet of intelligence (worn)
 u - a +0 pair of boots
 G - a +0 pair of gloves (worn)
 L - the +7 plate armour "Akalumm" {rElec rCorr Str+3}
   (You took it off an orc warrior on level 9 of the Dungeon)

   Str+3:     It affects your strength (+3).
   rElec:     It insulates you from electricity.
   rCorr:     It protects you from acid and corrosion.
 M - a +0 pair of boots (worn)
 N - an orb of energy
 Y - a +1 cloak (worn)
Magical Staves
 P - a staff of earth
Jewellery
 c - a ring of protection from cold
 d - a ring of flight
 f - a ring of protection from fire
 o - a ring of fire
 r - an amulet of regeneration (around neck)
 t - a +6 ring of intelligence
 y - a +4 ring of slaying (left grasper)
 z - a +5 ring of evasion (right grasper)
 U - a ring of magical power
Wands
 D - a wand of digging (3)
 E - a wand of charming (20)
 O - a wand of polymorph (9)
 V - a wand of flame (14)
Scrolls
 e - 2 scrolls of blinking
 A - a scroll of revelation
 C - 5 scrolls of poison
 H - 4 scrolls of noise
 J - 3 scrolls of fear
 R - 9 scrolls of identify
 S - 2 scrolls of vulnerability
 T - 8 scrolls of teleportation
Potions
 g - 2 potions of heal wounds
 h - 2 potions of lignification
 m - 5 potions of might
 n - 7 potions of mutation
 s - 3 potions of brilliance
 x - a potion of attraction
 I - a potion of berserk rage
 Q - a potion of curing
 W - a potion of cancellation
Miscellaneous
 v - a lightning rod (4/4)
 K - a phantom mirror
 X - a box of beasts


   Skills:
 + Level 4.5 Fighting
 - Level 1.7 Short Blades
 - Level 18.0 Ranged Weapons
 - Level 1.7 Throwing
 + Level 6.2 Dodging
 - Level 3.2 Stealth
 + Level 3.1 Invocations
 + Level 5.1 Evocations


You had 12 spell levels left.
You didn't know any spells.
Your spell library contained the following spells:

 Spells                   Type           Power      Damage    Failure   Level
 Apportation              Tloc           0%         N/A       28%         1
 Freeze                   Ice            0%         1d3       28%         1
 Magic Dart               Conj           0%         1d3       28%         1
 Necrotise                Necr           0%         1d4       28%         1
 Sandblast                Erth           0%         2d4       28%         1
 Blink                    Tloc           0%         N/A       41%         2
 Call Imp                 Summ           0%         N/A       41%         2
 Cigotuvi's Dreadful Rot  Necr/Alch/Air  0%         N/A       41%         2
 Jinxbite                 Hex            0%         N/A       41%         2
 Sublimation of Blood     Necr           0%         N/A       41%         2
 Frozen Ramparts          Ice            0%         1d1       65%         3
 Fugue of the Fallen      Necr           0%         N/A       65%         3
 Gell's Gravitas          Tloc           0%         N/A       65%         3
 Hailstorm                Conj/Ice       0%         3d5       65%         3
 Inner Flame              Hex/Fire       0%         N/A       65%         3
 Passwall                 Erth           0%         N/A       65%         3
 Tukima's Dance           Hex            0%         N/A       65%         3
 Volatile Blastmotes      Fire/Tloc      0%         2d10      65%         3
 Passage of Golubria      Tloc           0%         N/A       96%         4
 Petrify                  Alch/Erth      0%         N/A       96%         4
 Alistair's Intoxication  Alch           0%         N/A       100%        5
 Borgnjor's Vile Clutch   Necr/Erth      0%         N/A       100%        5
 Irradiate                Conj/Alch      0%         3d11      100%        5
 Lee's Rapid Deconstruct  Erth           0%         3d4*      100%        5
 Summon Forest            Summ/Tloc      0%         N/A       100%        5
 Summon Mana Viper        Hex/Summ       0%         N/A       100%        5
 Yara's Violent Unravell  Hex/Alch       0%         3d3       100%        5
 Eringya's Noxious Bog    Alch           0%         4d6       100%        6
 Summon Cactus Giant      Summ           0%         N/A       100%        6
 Spellforged Servitor     Conj/Summ      0%         N/A       100%        7
 Ignition                 Fire           0%         3d3       100%        8
 Dragon's Call            Summ           0%         N/A       100%        9


Dungeon Overview and Level Annotations

Branches:
Dungeon (13/15)            Temple (1/1) D:7            Lair (0/5) D:10
    Orc (0/2) D:10         Bailey (visited)
 Vaults: D:13-14

Altars:
Ashenzari
Cheibriados
Dithmenos
Elyvilon
Fedhas
Gozag
Hepliaklqana
Kikubaaqudgha
Makhleb
Nemelex Xobeh
Okawaru
Qazlal
Ru
Sif Muna
Trog
Uskayaw
Vehumet
Wu Jian
Xom
Yredelemnul
Zin
The Shining One

Shops:
D:1 *   D:3 ?   D:5 (   D:8 (*?*   D:9 ?   D:12 (

Annotations:
D:12 exclusion: obsidian statue


Innate Abilities, Weirdness & Mutations

You can wield a second weapon in your off-hand.
It takes a long time for you to wield or remove held weapons.
Your first few attacks do less damage.
Attacking and casting redirects power from your legs.


Message History

The sling bullet hits the centaur warrior.
The centaur warrior is lightly wounded.
You shoot a bolt.
The bolt pierces through the centaur warrior!
The centaur warrior is moderately wounded.
Fire: B) +1 hand cannon "Lojine Nant" {penet, rF+ rCorr}
Press: ? - help, Q - select action Shift-Dir - straight line, f/p - centaur warrior
Aim: a centaur warrior, wielding a +0 shortbow (moderately wounded, haloed, 91% to hit)
You shoot a bolt.
The bolt pierces through the centaur warrior but does no damage.
The centaur warrior is moderately wounded.
You shoot a sling bullet.
The sling bullet hits the centaur warrior.
The centaur warrior is moderately wounded.
The centaur warrior shoots an arrow.
The arrow hits you!
* * * LOW HITPOINT WARNING * * *
Fire: B) +1 hand cannon "Lojine Nant" {penet, rF+ rCorr}
Press: ? - help, Q - select action Shift-Dir - straight line, f/p - centaur warrior
Aim: a centaur warrior, wielding a +0 shortbow (moderately wounded, haloed, 91% to hit)
You shoot a bolt.
The bolt pierces through the centaur warrior!!
The centaur warrior is severely wounded.
You shoot a sling bullet.
The sling bullet hits the centaur warrior but does no damage.
The centaur warrior is severely wounded.
The centaur warrior shoots an arrow.
The arrow misses you.
Fire: B) +1 hand cannon "Lojine Nant" {penet, rF+ rCorr}
Press: ? - help, Q - select action Shift-Dir - straight line, f/p - centaur warrior
Aim: a centaur warrior, wielding a +0 shortbow (severely wounded, haloed, 91% to hit)
You shoot a bolt.
The bolt pierces through the centaur warrior.
The centaur warrior is severely wounded.
You shoot a sling bullet.
The sling bullet hits the centaur warrior but does no damage.
The centaur warrior is severely wounded.
The centaur warrior shoots an arrow.
The arrow hits you.
* * * LOW HITPOINT WARNING * * *
Fire: B) +1 hand cannon "Lojine Nant" {penet, rF+ rCorr}
Press: ? - help, Q - select action Shift-Dir - straight line, f/p - centaur warrior
Aim: a centaur warrior, wielding a +0 shortbow (severely wounded, haloed, 91% to hit)
You shoot a sling bullet.
The sling bullet hits the centaur warrior but does no damage.
The centaur warrior is severely wounded.
You shoot a bolt.
The bolt pierces through the centaur warrior.
The centaur warrior is severely wounded.
The centaur warrior shoots an arrow.
The arrow hits you.
* * * LOW HITPOINT WARNING * * *
The centaur warrior shoots an arrow.
The arrow hits you!!
You die...

.#........#...........#........#.
.#>.......#....########.......###
##........#.................(....
.#........#...........c.......§..
.#........#......................
.#........######.................
..........#....#.....############
##........#.....☼....# ..
.'........#.....@○...# ...
.#........#....°.§...# ....
.#........#..........# ....
.#........#..........#
.#........#..........#
.#........######.....#
.#........#....#.[...#
##....>.(.#....#.....# ..
##........#....#.....#...


You could see a centaur warrior.

Vanquished Creatures
  Rupert (D:12)
  Snorg (D:10)
  Josephine (D:12)
  2 centaur warriors
  2 hydras
  4 two-headed ogres
  2 tengu warriors (D:13)
  Sonja (D:10)
  Pikel (D:6)
  7 cyclopes
  2 manticores
  3 ugly things
  Jeremiah (D:6)
  An unseen horror (D:12)
  2 kobold demonologists (D:12)
  A komodo dragon (D:12)
  2 tengu conjurers (D:13)
  An efreet (D:13)
  A hydra zombie (D:13)
  Prince Ribbit (D:7)
  Sigmund (D:3)
  A slime creature (D:9)
  5 wraiths
  A wyvern (D:10)
  A yak (shapeshifter) (D:13)
  17 yaks
  2 steam dragons
  A basilisk (D:11)
  7 vampire mosquitoes
  Menkaure (D:7)
  2 acid dragons
  3 water moccasins
  An ice beast (D:7)
  4 orc warriors
  A swamp drake (D:10)
  7 wolves (Bailey)
  5 ogres
  2 lemures (D:6)
  A komodo dragon zombie (D:12)
  2 kobold brigands
  A cyclops zombie (D:12)
  2 bullfrogs (D:7)
  10 gnoll sergeants
  5 wights (D:8)
  A water moccasin zombie (D:9)
  12 killer bees
  2 wolf zombies (Bailey)
  2 howler monkeys
  A bullfrog zombie (D:7)
  8 orc priests
  A basilisk zombie (D:11)
  A bombardier beetle (D:5)
  6 hounds
  Crazy Yiuf (D:6)
  6 gnoll boudas
  An iron imp (D:12)
  A jelly (D:6)
  2 sleepcaps
  6 iguanas
  13 orc wizards
  2 killer bee zombies (D:11)
  2 kobold zombies
  A killer bee simulacrum (D:9)
  8 adders
  29 gnolls
  9 orc zombies
  2 white imps
  2 ufetubi (D:5)
  2 adder zombies (D:6)
  4 dart slugs
  47 orcs
  9 ball pythons
  A bat (D:1)
  6 endoplasms
  A giant cockroach (D:3)
  5 goblins
  A hobgoblin (D:3)
  9 jackals
  10 kobolds
  2 quokkas
  A frilled lizard (D:2)
  8 gnoll zombies
  3 rats
348 creatures vanquished.

Notes
Turn   | Place    | Note
-------+----------+-------------------------------------------
     0 | D:1      | Sobieck the Coglin Brigand began the quest for the Orb.
     0 | D:1      | Reached XP level 1. HP: 16/16 MP: 1/1
    52 | D:1      | Reached skill level 1 in Dodging
   162 | D:1      | Reached XP level 2. HP: 22/22 MP: 2/2
   363 | D:1      | Found Namizyp's Assorted Antiques.
   372 | D:1      | Bought a scroll labelled OVVEDI VEUSIY for 28 gold pieces
   554 | D:1      | Reached skill level 1 in Ranged Weapons
   587 | D:1      | Reached XP level 3. HP: 26/27 MP: 3/3
   836 | D:2      | Found a glowing silver altar of Zin.
  1490 | D:3      | Reached XP level 4. HP: 33/33 MP: 4/4
  1680 | D:3      | Noticed Sigmund
  1684 | D:3      | Killed Sigmund
  1685 | D:3      | Reached skill level 3 in Ranged Weapons
  1685 | D:3      | Reached skill level 3 in Dodging
  1685 | D:3      | Reached XP level 5. HP: 38/38 MP: 5/5
  1685 | D:3      | Reached XP level 6. HP: 44/44 MP: 6/6
  1799 | D:3      | Found Zeostron's Magic Scroll Shoppe.
  1802 | D:3      | Bought a scroll of identify for 26 gold pieces
  1988 | D:3      | Found a faded altar of an unknown god.
  2071 | D:3      | Prayed at the altar of an unknown god.
  2071 | D:3      | Became a worshipper of Kikubaaqudgha
  2071 | D:3      | Reached * piety under Kikubaaqudgha
  2071 | D:3      | Received a gift from Kikubaaqudgha
  2273 | D:4      | Reached skill level 4 in Ranged Weapons
  2319 | D:4      | Reached XP level 7. HP: 22/50 MP: 7/7
  2352 | D:4      | Got the Compendium of Generation and Talus
  2509 | D:4      | Reached ** piety under Kikubaaqudgha
  2582 | D:4      | Reached skill level 5 in Ranged Weapons
  3215 | D:4      | Identified a scroll of acquirement
  3215 | D:4      | Acquired 671 gold pieces
  3275 | D:3      | Bought a scroll of acquirement for 676 gold pieces
  3275 | D:3      | Acquired 832 gold pieces
  3277 | D:3      | Bought 2 scrolls of brand weapon for 247 gold pieces
  3352 | D:5      | Entered Level 5 of the Dungeon
  3459 | D:5      | Found Ezuqin's Antique Weapon Shop.
  3532 | D:5      | Reached skill level 6 in Ranged Weapons
  3548 | D:5      | Reached XP level 8. HP: 56/56 MP: 8/8
  3580 | D:5      | Found the +8 trident of the Octopus King {venom, rElec
                  | rPois}
  3730 | D:5      | Fell from the grace of Kikubaaqudgha
  4300 | D:6      | Noticed Jeremiah
  4307 | D:6      | Killed Jeremiah
  4308 | D:6      | Reached skill level 7 in Ranged Weapons
  4423 | D:6      | Reached skill level 8 in Ranged Weapons
  4547 | D:6      | Found a runed translucent door.
  4548 | D:6      | Noticed Crazy Yiuf
  4602 | D:6      | Noticed Pikel
  4621 | D:6      | Killed Pikel
  4622 | D:6      | Reached skill level 9 in Ranged Weapons
  4622 | D:6      | Reached XP level 9. HP: 61/61 MP: 9/9
  5347 | D:6      | Killed Crazy Yiuf
  5533 | D:7      | Noticed Menkaure
  5537 | D:7      | Killed Menkaure
  5544 | D:7      | Found a staircase to the Ecumenical Temple.
  5568 | Temple   | Entered the Ecumenical Temple
  5626 | Temple   | Became a worshipper of the Shining One
  5972 | D:7      | Noticed Prince Ribbit
  5977 | D:7      | Killed Prince Ribbit
  5978 | D:7      | Reached skill level 10 in Ranged Weapons
  6179 | D:7      | Acquired the +1 hand cannon "Lojine Nant" {penet, rF+
                  | rCorr}
  6336 | D:7      | Reached skill level 11 in Ranged Weapons
  6615 | D:8      | Found an iron altar of Okawaru.
  6631 | D:8      | Reached XP level 10. HP: 67/67 MP: 10/10
  6638 | D:8      | Reached skill level 12 in Ranged Weapons
  6657 | D:8      | Found Vojene's General Store.
  6742 | D:8      | Found Lowkogoru's Magic Scroll Emporium.
  6758 | D:8      | Bought a scroll of fear for 56 gold pieces
  6758 | D:8      | Bought a scroll of poison for 56 gold pieces
  6758 | D:8      | Bought a scroll of vulnerability for 56 gold pieces
  6758 | D:8      | Bought a scroll of teleportation for 42 gold pieces
  6758 | D:8      | Bought a scroll of identify for 28 gold pieces
  6758 | D:8      | Bought a scroll of identify for 28 gold pieces
  6798 | D:8      | Found a shadowy altar of Dithmenos.
  6863 | D:8      | Found Fodaup's General Store.
  6872 | D:8      | Bought a scroll of identify for 24 gold pieces
  6872 | D:8      | Bought a scroll of identify for 24 gold pieces
  6872 | D:8      | Bought a box of beasts for 480 gold pieces
  6872 | D:8      | Bought a scroll of teleportation for 36 gold pieces
  6881 | D:8      | Found Mopaog's Antique Weapon Emporium.
  6986 | D:9      | Noticed a manticore
  6992 | D:9      | Killed a manticore
  7033 | D:9      | Noticed a cyclops
  7039 | D:9      | Identified the +7 plate armour "Akalumm" {rElec rCorr
                  | Str+3}
  7041 | D:9      | Killed a cyclops
  7048 | D:9      | HP: 1/39 [orc warrior/+0 dire flail (11)]
  7146 | D:9      | Reached * piety under the Shining One
  7151 | D:9      | Noticed a brown ugly thing
  7156 | D:9      | Killed a brown ugly thing
  7157 | D:9      | Reached skill level 13 in Ranged Weapons
  7254 | D:9      | Noticed a six-headed hydra
  7262 | D:9      | Killed a six-headed hydra
  7303 | D:9      | Noticed a green ugly thing
  7309 | D:9      | Killed a green ugly thing
  7310 | D:9      | Reached XP level 11. HP: 72/72 MP: 11/11
  7392 | D:9      | Reached skill level 14 in Ranged Weapons
  7513 | D:9      | Found Yfigah's Magic Scroll Shoppe.
  7522 | D:9      | Bought a scroll of identify for 22 gold pieces
  7522 | D:9      | Bought a scroll of identify for 22 gold pieces
  7835 | D:10     | Entered Level 10 of the Dungeon
  7836 | D:10     | Noticed Snorg
  7845 | D:10     | Killed Snorg
  7917 | D:10     | Noticed Sonja
  7922 | D:10     | Killed Sonja
  7963 | D:10     | Found a flagged portal.
  8051 | Bailey   | Entered a bailey
  8057 | Bailey   | Reached skill level 15 in Ranged Weapons
  8173 | Bailey   | Reached ** piety under the Shining One
  8502 | Bailey   | Reached *** piety under the Shining One
  8779 | D:10     | Found a staircase to the Lair.
  8816 | D:10     | Got the Dissertation on the Anticline and the Geodesic
  8880 | D:10     | Found a sacrificial altar of Ru.
  8887 | D:10     | Found a basalt altar of Yredelemnul.
  8890 | D:10     | Found a sparkling altar of Nemelex Xobeh.
  8890 | D:10     | Found a radiant altar of Vehumet.
  8897 | D:10     | Found a stormy altar of Qazlal.
  8996 | D:10     | Found a staircase to the Orcish Mines.
  9513 | D:11     | Noticed a cyclops
  9517 | D:11     | Killed a cyclops
  9635 | D:11     | Noticed a cyclops
  9636 | D:11     | Reached skill level 16 in Ranged Weapons
  9640 | D:11     | Killed a cyclops
  9643 | D:11     | Reached XP level 12. HP: 78/78 MP: 12/12
  9711 | D:11     | Reached **** piety under the Shining One
 10136 | D:11     | Noticed a two-headed ogre
 10141 | D:11     | Killed a two-headed ogre
 10242 | D:11     | Reached skill level 17 in Ranged Weapons
 10444 | D:12     | Noticed Rupert
 10446 | D:12     | Noticed a centaur warrior
 10463 | D:12     | Killed Rupert
 10468 | D:12     | Killed a centaur warrior
 10654 | D:12     | Noticed a two-headed ogre
 10658 | D:12     | Killed a two-headed ogre
 10696 | D:12     | Noticed a two-headed ogre
 10700 | D:12     | Killed a two-headed ogre
 10766 | D:12     | Reached skill level 18 in Ranged Weapons
 10802 | D:12     | Reached skill level 1 in Evocations
 10807 | D:12     | Reached skill level 1 in Invocations
 10851 | D:12     | Noticed Josephine
 10855 | D:12     | Killed Josephine
 10856 | D:12     | Reached skill level 3 in Fighting
 10861 | D:12     | Reached ***** piety under the Shining One
 10862 | D:12     | Reached XP level 13. HP: 63/86 MP: 14/14
 10934 | D:12     | Reached skill level 3 in Evocations
 11053 | D:12     | Found Mas Jioqoira's Weapon Boutique.
 11237 | D:12     | Noticed a rakshasa
 11347 | D:13     | Reached skill level 6 in Dodging
 11622 | D:13     | Reached skill level 3 in Invocations
 11740 | D:13     | Noticed an ironbound thunderhulk
 11758 | D:13     | Shot with an arrow by a centaur warrior

Illustrated notes

Levels and vault maps discovered:
D:1:      matt_arrival_los_fun, layout_basic, serial_shops, shop
D:2:      layout_rooms, basic_altar
D:3:      layout_basic, serial_shops, nicolae_shop_rolled_up,
          shapermc_ecumenical_altar_mp_highgroup,
          chequers_serial_rivers_micro_a, uniq_sigmund
D:4:      layout_layer_cave, minivault_23
D:5:      layout_basic, minmay_shop_grid_forest
D:6:      layout_basic, uniq_pikel, uniq_crazy_yiuf_cottage, uniq_jeremiah
D:7:      layout_gridville, minmay_temple_entry_arrows, serial_park_tiny_pond,
          uniq_menkaure, uniq_prince_ribbit1
D:8:      layout_rooms, mainiacjoe_overflow_catwalk_spiral, serial_shops,
          nicolae_shop_window_shopping, nicolae_shop_gibbet_a_chance,
          shop_fountains, shop
D:9:      layout_roguey, serial_shops, shop, serial_bayou_pond_d, minivault_20,
          minmay_diamond_spiral
D:10:     layout_small_grid, nicolae_overflow_hallway_of_the_gods,
          lair_entry_dummy, erik_orc_1, enter_bailey_8, nrook_loot_triangle,
          uniq_sonja, uniq_snorg
D:11:     layout_cave_pods
D:12:     layout_stronghold, serial_shops, kennysheep_mini_moat,
          hangedman_devilish_allure, uniq_rupert, uniq_josephine
D:13:     layout_grid_maze, hellmonk_vaults_keyhole, special_room
          [special_room_orc], kennysheep_flooded_box
Temple:   regret_index_temple_waves

Skill      XL: |  1  2  3  4  5  6  7  8  9 10 11 12 13 |
---------------+----------------------------------------+-----
Dodging        | 1 2 3 4 5 6 |  6.2
Ranged Weapons | 1 3 4 6 9 11 13 16 18 | 18.0
Evocations     | 2 5 |  5.1
Invocations    | 1 3 |  3.1
Fighting       | 3 4 |  4.5
Short Blades   | |  1.7
Throwing       | |  1.7
Stealth        | |  3.2

Action                     |  1- 3 |  4- 6 |  7- 9 | 10-12 | 13-15 || total
---------------------------+-------+-------+-------+-------+-------++-------
  Melee: Dagger            |   112 |   111 |    72 |       |       ||   295
   Fire: Sling             |       |       |   347 |   460 |    78 ||   885
         Hand cannon       |       |       |    41 |   460 |    78 ||   579
 Invoke: Renounce Religion |       |       |     1 |       |       ||     1
    Use: Scroll            |       |     2 |    16 |     8 |     3 ||    29
         Potion            |       |       |       |     3 |       ||     3
   Stab: Sleeping          |     6 |     2 |     1 |       |       ||     9
         Distracted        |     1 |       |       |       |       ||     1
 Armour: Robe              |    20 |    27 |    49 |   107 |    44 ||   247
  Dodge: Dodged            |    29 |    32 |    81 |   124 |    61 ||   327

Table legend: (Time is in decaauts)
 A = Elapsed time spent in this place.
 B = Non-inter-level travel time spent in this place.
 C = Inter-level travel time spent in this place.
 D = Time resting spent in this place.
 E = Time spent auto-exploring this place.
 F = Levels seen in this place.
 G = Mean time per level.
                   A        B        C        D        E       F      G
               +--------+--------+--------+--------+--------+-----+--------+
         Total |  11695 |  10758 |    937 |    476 |   8332 |  15 |  779.7 |
       Dungeon |  10912 |  10093 |    819 |    258 |   8188 |  13 |  839.4 |
        Temple |    120 |      2 |    118 |      0 |      0 |   1 |  120.0 |
        Bailey |    663 |    663 |      0 |    218 |    144 |   1 |  663.0 |
               +--------+--------+--------+--------+--------+-----+--------+

Top non-repeatable levels by time:
     D:6: 1179 daAuts
     D:4: 1153 daAuts
    D:12: 999 daAuts
     D:5: 990 daAuts
    D:11: 873 daAuts
     D:9: 872 daAuts
    D:10: 843 daAuts
     D:3: 839 daAuts
     D:1: 832 daAuts
     D:7: 725 daAuts
  Bailey: 663 daAuts
     D:2: 621 daAuts
    D:13: 493 daAuts
     D:8: 486 daAuts
  Temple: 120 daAuts
